 Dungeon Crawl Stone Soup version 0.30-a0-840-ga523dec638 (webtiles) character file.

Game seed: 14525940998595231458

2069 demibob the Slicer (level 9, -2/61 HPs)
             Began as a Vampire Gladiator on Mar 2, 2023.
             Was an Initiate of Kikubaaqudgha.
             Slain by a wyvern (13 damage)
             ... on level 7 of the Dungeon.
             The game lasted 00:08:08 (5680 turns).

demibob the Slicer (Vampire Gladiator)              Turns: 5680, Time: 00:08:08

Health: -2/61      AC:  9    Str: 13    XL:     9   Next: 5%
Magic:  9/9        EV: 13    Int: 13    God:    Kikubaaqudgha [......]
Gold:   282        SH:  5    Dex: 17    Spells: 4/8 levels left

rFire   . . .      SeeInvis +    a - +0 rapier
rCold   . . .      Faith    .    (no shield)
rNeg    . . .      Spirit   .    g - +3 leather armour
rPois   .          Reflect  +    c - +1 helmet
rElec   .          Harm     .    (no cloak)
rCorr   .          Rampage  .    (no gloves)
Will    .....                    p - +0 pair of boots
Stlth   +                        z - amulet "Orudwul" {Reflect +Blink SH+5}
HPRegen 0.50/turn                (no ring)
MPRegen 0.11/turn                (no ring)

@: weakened, healing quickly
A: alive, fangs 3, see invisible, vampiric 2
a: Exsanguinate, Renounce Religion, Evoke Blink


You were on level 7 of the Dungeon.
You worshipped Kikubaaqudgha.
Kikubaaqudgha was noncommittal.
You visited 2 branches of the dungeon, and saw 8 of its levels.

You collected 417 gold pieces.
You spent 135 gold pieces at shops.


Innate Abilities, Weirdness & Mutations

Your natural rate of healing is accelerated.
You have razor-sharp teeth.
You have supernaturally acute eyesight. (SInv)
You are afflicted with vampirism and can become a bat while bloodless.


   Skills:
 - Level 1.7 Fighting
 + Level 11.2 Short Blades
 - Level 1.5 Throwing
 - Level 3.2 Dodging
 + Level 7.2 Necromancy


You had 4 spell levels left.
You knew the following spells:

 Your Spells              Type           Power      Damage    Failure   Level
X - Anguish               Hex/Necr       4%         N/A       65%         4

Your spell library contained the following spells:

 Spells                   Type           Power      Damage    Failure   Level
 Summon Small Mammal      Summ           0%         N/A       36%         1
 Ensorcelled Hibernation  Hex/Ice        0%         N/A       52%         2
 Call Canine Familiar     Summ           0%         N/A       75%         3
 Dazzling Flash           Conj/Hex       0%         N/A       75%         3
 Spider Form              Tmut/Pois      0%         N/A       75%         3
 Summon Guardian Golem    Hex/Summ       0%         N/A       75%         3
 Tukima's Dance           Hex            0%         N/A       75%         3
 Iskenderun's Mystic Bla  Conj/Tloc      0%         2d3       98%         4
 Passage of Golubria      Tloc           0%         N/A       98%         4
 Yara's Violent Unravell  Hex/Tmut       0%         3d3       100%        5
 Starburst                Conj/Fire      0%         6d3       100%        6
 Orb of Destruction       Conj           0%         9d5       100%        7
 Spellforged Servitor     Conj/Summ      0%         N/A       100%        7

Inventory:

Hand Weapons
 a - a +0 rapier (weapon)
 D - a +1 dagger of speed
Missiles
 d - 3 throwing nets (quivered) {=f}
 e - a javelin
Armour
 c - a +1 helmet (worn)
 g - a +3 leather armour (worn)
 k - a +2 hat
 p - a +0 pair of boots (worn)
Jewellery
 z - the amulet "Orudwul" (around neck) {Reflect +Blink SH+5}
   (You found it on level 5 of the Dungeon)

   [amulet of reflection]

   It reflects blocked missile attacks.
   +Blink:    It lets you blink.
   SH:        It affects your SH (+5).
 C - a ring of protection from cold
 M - a ring of magical power
 Z - a ring of wizardry
Wands
 m - a wand of paralysis (3)
 r - a wand of digging (4)
 s - a wand of mindburst (15)
 w - a wand of iceblast (7)
 x - a wand of flame (13)
Scrolls
 i - a scroll of teleportation {@r2}
 j - a scroll of enchant armour
 y - a scroll of blinking
 A - a scroll of magic mapping
Potions
 b - 2 potions of curing {@q1}
 f - a potion of mutation {unknown}
 h - 2 potions of attraction
 l - 3 potions of degeneration
 n - a potion of haste {@q3}
 o - 2 potions of lignification
 q - a potion of might
 u - a potion of invisibility
 v - 2 potions of flight
 B - 3 potions of brilliance {unknown}

Dungeon Overview and Level Annotations

Branches:
Dungeon (7/15)             Temple (1/1) D:5

Altars:
Ashenzari
Dithmenos
Fedhas
Gozag
Hepliaklqana
Kikubaaqudgha
Makhleb
Nemelex Xobeh
Okawaru
Qazlal
Ru
Sif Muna
Trog
Vehumet
Xom
Yredelemnul

Shops:
D:5 (

Annotations:
D:3 1 runed translucent door, xian's ghost, amateur OgGl
D:5 1 runed translucent door, Crazy Yiuf

#.§§≈§≈...≈.
##...≈gg≈≈≈≈.
#....§ggg(...
##...≈≈≈≈≈≈§≈
#...........
###..............
#.##.#####.....
#l##(#####.....
#@##.........# #†#
#........
#.###.....#
#.........#
#.........###
#.....>.....# ##
#.....###...#####.
#.....# #.........
#.....# ###.......


You could see a wyvern, a gnoll bouda and 2 gnolls.


Message History

You are too injured to fight recklessly!
You are too injured to fight recklessly!
You are too injured to fight recklessly!
You are too injured to fight recklessly!
You are too injured to fight recklessly!
You are too injured to fight recklessly!
You are too injured to fight recklessly!
The wyvern bites you!
* * * LOW HITPOINT WARNING * * *
The wyvern bites you but does no damage.
The gnoll bouda gazes fiercely through you!
You feel as though you will be weak longer.
The wyvern attacks as you move away! The wyvern bites you.
* * * LOW HITPOINT WARNING * * *
The wyvern barely misses you.
The gnoll bouda barks out a call to the hunt!
The gnoll picks up the pace!
The wyvern attacks as you move away! The wyvern bites you!
* * * LOW HITPOINT WARNING * * *
The wyvern bites you but does no damage.
You feel much better.
The gnoll is no longer moving quickly.
The wyvern bites you!
* * * LOW HITPOINT WARNING * * *
Aiming: Paralyse
Press: ? - help, Shift-Dir - straight line, f - wyvern
Aim: a wyvern (moderately wounded, chance to affect: 49%)
The wyvern resists with some effort.
The wyvern closely misses you. The wyvern bites you!
You die...
Kikubaaqudgha rasps: "You have failed me!
Welcome... death!"

Skill      XL: |  1  2  3  4  5  6  7  8 |
---------------+-------------------------+-----
Short Blades   | 4 6 7 8 9 11 | 11.2
Necromancy     | 1 4 7 |  7.2
Fighting       | |  1.7
Throwing       | |  1.5
Dodging        | |  3.2

Action                     |  1- 3 |  4- 6 |  7- 9 || total
---------------------------+-------+-------+-------++-------
  Melee: Rapier            |   115 |   240 |   255 ||   610
         Bite              |     8 |    23 |    27 ||    58
         Punch             |     1 |     3 |     8 ||    12
  Evoke: Wand              |       |       |    23 ||    23
    Use: Scroll            |       |    12 |     4 ||    16
         Potion            |       |     4 |     2 ||     6
   Stab: Sleeping          |     1 |     1 |     1 ||     3
         Paralysed         |       |       |     3 ||     3
 Armour: Leather armour    |    39 |    75 |    68 ||   182
  Dodge: Dodged            |    75 |   141 |   135 ||   351
  Block: Other             |       |       |    32 ||    32
         Reflection        |       |       |     1 ||     1

Levels and vault maps discovered:
D:1:      mushboom_english_gardens, layout_basic, kennysheep_pointless_box,
          minmay_tall_x
D:2:      layout_rooms, uniq_sigmund
D:3:      layout_loops_ring, mainiacjoe_overflow_alcove_4,
          ebering_ghost_reflecting_pool
D:4:      layout_gridville, nicolae_qazlal_scattered_showers
D:5:      layout_rooms, lemuel_doored_altar, minmay_temple_entry_junction,
          serial_rivers, chequers_serial_rivers_large_b,
          chequers_serial_rivers_micro_a, chequers_serial_rivers_small_a,
          chequers_serial_rivers_small_a, serial_shops, nicolae_shop_crystal,
          minmay_misc_feat_nine_boxes, serial_bayou_crossing, uniq_eustachio,
          uniq_crazy_yiuf_cottage
D:6:      layout_basic, hangedman_feature_mirror
D:7:      nzn_winding_woodlands_cross [nzn_winding_woodlands_5x15_split_checker,
          nzn_winding_woodlands_5x15_river_crossing,
          nzn_winding_woodlands_5x15_eye, nzn_winding_woodlands_5x15_pockets,
          nzn_winding_woodlands_15x15_thick_spiral], layout_basic,
          mainiacjoe_overflow_brackets,
          mainiacjoe_overflow_concentric_impassable
Temple:   nicolae_temple_ecumenical_triangle

Notes
Turn   | Place    | Note
-------+----------+-------------------------------------------
     0 | D:1      | demibob the Vampire Gladiator began the quest for the Orb.
     0 | D:1      | Reached XP level 1. HP: 16/16 MP: 1/1
    72 | D:1      | Reached skill level 4 in Short Blades
    72 | D:1      | Reached XP level 2. HP: 19/22 MP: 2/2
   726 | D:2      | Gained mutation: You are afflicted with vampirism and can
                  | become a bat while bloodless. [Vampire growth]
   726 | D:2      | Reached XP level 3. HP: 24/27 MP: 3/3
   814 | D:2      | Noticed Sigmund
   844 | D:2      | Killed Sigmund
   845 | D:2      | Reached skill level 6 in Short Blades
   845 | D:2      | Reached XP level 4. HP: 19/33 MP: 4/4
   845 | D:2      | Reached XP level 5. HP: 22/38 MP: 5/5
   927 | D:2      | Reached skill level 7 in Short Blades
  1296 | D:3      | Reached XP level 6. HP: 23/44 MP: 6/6
  2132 | D:3      | Found an iron altar of Okawaru.
  2277 | D:3      | Found a runed translucent door.
  2282 | D:3      | Noticed xian's ghost (amateur OgGl)
  2377 | D:4      | Found a stormy altar of Qazlal.
  2812 | D:4      | Reached skill level 8 in Short Blades
  2874 | D:4      | HP: 4/44 [poisoned by a scorpion]
  3082 | D:4      | Learned a level 4 spell: Anguish
  3192 | D:5      | Entered Level 5 of the Dungeon
  3264 | D:5      | Reached skill level 1 in Necromancy
  3305 | D:5      | Reached XP level 7. HP: 49/49 MP: 7/7
  3344 | D:5      | Noticed Eustachio
  3365 | D:5      | Killed Eustachio
  3366 | D:5      | Reached skill level 9 in Short Blades
  3366 | D:5      | Reached skill level 2 in Necromancy
  3554 | D:5      | Identified the amulet "Orudwul" {Reflect +Blink SH+5}
  3576 | D:5      | Found a runed translucent door.
  3577 | D:5      | Noticed Crazy Yiuf
  3609 | D:5      | Found a staircase to the Ecumenical Temple.
  3627 | Temple   | Entered the Ecumenical Temple
  3654 | Temple   | Became a worshipper of Kikubaaqudgha
  3751 | D:5      | Found Ohech's Antique Weapon Shoppe.
  3766 | D:5      | Bought a glowing dagger for 135 gold pieces
  4068 | D:6      | Reached skill level 3 in Necromancy
  4289 | D:6      | Reached skill level 4 in Necromancy
  4384 | D:6      | Reached XP level 8. HP: 40/55 MP: 8/8
  4453 | D:6      | Identified the +1 ring mail of the Hart {rPois Regen+ Int-4
                  | Slay+6}
  4581 | D:6      | Reached skill level 10 in Short Blades
  4581 | D:6      | Reached skill level 5 in Necromancy
  4773 | D:6      | Found a radiant altar of Vehumet.
  5034 | D:6      | Found a sacrificial altar of Ru.
  5338 | D:7      | Noticed a hornet
  5345 | D:7      | Killed a hornet
  5346 | D:7      | Reached skill level 6 in Necromancy
  5425 | D:7      | Reached skill level 11 in Short Blades
  5532 | D:7      | Reached skill level 7 in Necromancy
  5532 | D:7      | Reached XP level 9. HP: 52/61 MP: 9/9
  5655 | D:7      | Found a shimmering blue altar of Sif Muna.
  5678 | D:7      | HP: 1/61 [wyvern (12)]
  5680 | D:7      | Slain by a wyvern

Vanquished Creatures
  A hornet (D:7)
  Sigmund (D:2)
  A wraith (D:6)
  Eustachio (D:5)
  A water moccasin (D:7)
  A black bear (D:6)
  An ice beast (D:6)
  An orc warrior (D:7)
  A centaur (D:6)
  A phantom (D:6)
  4 scorpions
  A killer bee (D:7)
  A howler monkey (D:5)
  3 hounds
  A jelly (D:2)
  2 orc priests
  A gnoll bouda (D:6)
  2 iguanas (D:6)
  4 orc wizards
  4 adders
  6 gnolls (D:6)
  2 shadow imps
  A worm (D:3)
  2 dart slugs (D:1)
  21 orcs
  7 ball pythons
  5 endoplasms
  A giant cockroach (D:2)
  7 goblins
  3 hobgoblins
  11 jackals
  3 quokkas
  A bat (D:1)
  2 frilled lizards
  6 kobolds
  5 rats
116 creatures vanquished.

Table legend: (Time is in decaauts)
 A = Elapsed time spent in this place.
 B = Non-inter-level travel time spent in this place.
 C = Inter-level travel time spent in this place.
 D = Time resting spent in this place.
 E = Time spent auto-exploring this place.
 F = Levels seen in this place.
 G = Mean time per level.
                   A        B        C        D        E       F      G
               +--------+--------+--------+--------+--------+-----+--------+
         Total |   5609 |   5331 |    278 |    423 |   3897 |   8 |  701.1 |
       Dungeon |   5564 |   5303 |    261 |    423 |   3885 |   7 |  794.9 |
        Temple |     44 |     27 |     17 |      0 |     12 |   1 |   44.0 |
               +--------+--------+--------+--------+--------+-----+--------+

Top non-repeatable levels by time:
     D:6: 1244 daAuts
     D:3: 1077 daAuts
     D:4: 838 daAuts
     D:5: 818 daAuts
     D:1: 670 daAuts
     D:2: 563 daAuts
     D:7: 350 daAuts
  Temple: 44 daAuts

Table legend:
 A = Non-vault XP
 B = Vault XP
 C = Vault XP percentage of total XP
 D = Non-vault monster count
 E = Vault monster count
 F = Vault count percentage of total count
                 A         B        C        D         E       F
            +---------+---------+-------+---------+---------+-------
      Total |    1762 |    1194 |  40.4 |     100 |      16 |  13.8
            +---------+---------+-------+---------+---------+-------
        D:1 |      31 |       7 |  18.4 |      17 |       4 |  19.0
        D:2 |      82 |     226 |  73.4 |      16 |       1 |   5.9
        D:3 |     136 |       0 |   0.0 |      23 |       0 |   0.0
        D:4 |     162 |       0 |   0.0 |      14 |       0 |   0.0
        D:5 |     204 |     191 |  48.4 |      12 |       1 |   7.7
        D:6 |     815 |     241 |  22.8 |      16 |       2 |  11.1
        D:7 |     332 |     529 |  61.4 |       2 |       8 |  80.0
            +---------+---------+-------+---------+---------+-------
